[ AOE2 MATCH · #507898118 ]
UnrankedWei vs Ethiopians
Player's team · WIN
Rival team · LOSS
[ REPLAY ANALYSIS · EXTRACTED FROM THE RECORDED GAME ]
Feudal
9:50
Castle
17:33
Imperial
—
| APM avg | 63.5 |
| APM peak | 93 |
| eAPM avg | 21.2 |
| Villagers / military | 29 / 5 |
Focus
⚔️ 45.9% · 🌾 54.1%
Unknown (1944) ×9 · Fishing Ship ×8 · Scout Cavalry ×5
Feudal
12:31
Castle
17:59
Imperial
—
| APM avg | 42.4 |
| APM peak | 67 |
| eAPM avg | 16.5 |
| Villagers / military | 49 / 9 |
Focus
⚔️ 31.1% · 🌾 68.9%
Fishing Ship ×11 · Militia ×5 · Spearman ×4
Match map
Initial resources + every placement click. Lines = walls · curves = elevation contours. ◆ gold · ⬟ stone · ● berries · ✦ relic · ◌ wall gap
Your base· Open — 10t gap
scoop's base· Open — unwalled flank
Smoothed initial terrain · ◌ = detected wall gap · hover for details
Inputs per minute
— RD | El_Zapatero22 - - scoop
Build order — RD | El_Zapatero22
95 actions detected in the replay
| 0:00 | Queue | Villager (Male) ×4 |
| 0:02 | Build | House |
| 0:02 | Build | House |
| 1:34 | Build | Lumber Camp |
| 1:35 | Queue | Villager (Male) |
| 1:56 | Queue | Villager (Male) |
| 2:27 | Queue | Villager (Male) |
| 2:51 | Queue | Villager (Male) |
| 3:09 | Queue | Villager (Male) |
| 3:26 | Queue | Villager (Male) |
| 3:43 | Build | Dock |
| 3:46 | Build | House |
| 3:51 | Queue | Villager (Male) |
| 4:29 | Queue | Fishing Ship |
| 4:30 | Queue | Villager (Male) |
| 4:48 | Build | Palisade Wall |
| 4:56 | Queue | Villager (Male) |
| 5:14 | Build | House |
| 5:15 | Queue | Fishing Ship |
| 5:24 | Queue | Villager (Male) |
| 5:45 | Queue | Villager (Male) |
| 5:54 | Queue | Fishing Ship |
| 5:57 | Queue | Villager (Male) |
| 6:02 | Build | House |
| 6:28 | Queue | Villager (Male) |
| 6:31 | Queue | Fishing Ship |
| 7:02 | Queue | Villager (Male) |
| 7:07 | Queue | Fishing Ship |
| 7:40 | Research | Feudal Age |
| 7:52 | Queue | Fishing Ship |
| 7:59 | Build | House |
| 8:21 | Research | Loom |
| 8:26 | Build | Palisade Wall |
| 8:35 | Queue | Fishing Ship |
| 8:47 | Build | Barracks |
| 8:55 | Build | Palisade Wall |
| 8:56 | Build | Palisade Wall |
| 8:59 | Build | Palisade Wall |
| 9:38 | Build | House |
| 9:42 | Build | Palisade Wall |
| 9:50 | Age | Feudal Age |
| 10:17 | Build | Stable |
| 10:23 | Queue | Villager (Male) |
| 10:46 | Queue | Scout Cavalry |
| 10:47 | Research | Double-Bit Axe |
| 10:48 | Queue | Villager (Male) |
| 10:59 | Build | House |
| 11:04 | Queue | Scout Cavalry |
| 11:17 | Queue | Villager (Male) |
| 11:20 | Research | Tech 906 |
| 11:23 | Queue | Scout Cavalry |
| 11:42 | Queue | Scout Cavalry |
| 11:43 | Queue | Villager (Male) |
| 11:44 | Queue | Villager (Male) |
| 11:46 | Build | Mill |
| 12:01 | Build | Palisade Wall |
| 12:04 | Build | Mining Camp |
| 12:22 | Queue | Scout Cavalry |
| 12:29 | Queue | Villager (Male) |
| 12:32 | Research | Horse Collar |
| 12:42 | Queue | Fishing Ship |
| 12:53 | Build | Farm |
| 13:10 | Queue | Villager (Male) |
| 13:12 | Build | Farm |
| 13:13 | Build | Farm |
| 13:30 | Build | House |
| 13:32 | Queue | Villager (Male) |
| 13:34 | Build | Farm |
| 14:07 | Build | Market |
| 14:26 | Queue | Villager (Male) |
| 14:28 | Build | House |
| 14:53 | Research | Castle Age |
| 14:54 | Research | Castle Age |
| 15:38 | Build | Blacksmith |
| 15:41 | Research | Gold Mining |
| 16:19 | Research | Forging |
| 16:38 | Build | Stable |
| 16:41 | Research | Scale Barding Armor |
| 16:50 | Build | Stable |
| 17:33 | Age | Castle Age |
| 17:35 | Queue | Unit 1944 |
| 17:36 | Queue | Unit 1944 |
| 17:36 | Queue | Unit 1944 |
| 17:36 | Queue | Unit 1944 |
| 17:36 | Queue | Unit 1944 |
| 17:40 | Queue | Villager (Male) |
| 17:45 | Research | Bloodlines |
| 17:50 | Queue | Unit 1944 |
| 18:14 | Build | Dock |
| 18:17 | Queue | Villager (Male) |
| 18:25 | Build | Farm |
| 18:31 | Research | Light Cavalry (upgrade) |
| 19:06 | Queue | Unit 1944 |
| 19:06 | Queue | Unit 1944 |
| 19:17 | Queue | Unit 1944 |
Build order — scoop
123 actions detected in the replay
| 0:00 | Queue | Villager (Male) |
| 0:01 | Queue | Villager (Male) |
| 0:02 | Build | House |
| 0:05 | Build | House |
| 0:07 | Queue | Villager (Male) |
| 0:07 | Queue | Villager (Male) |
| 1:25 | Build | Lumber Camp |
| 1:30 | Queue | Villager (Male) |
| 2:03 | Queue | Villager (Male) |
| 2:28 | Queue | Villager (Male) |
| 2:51 | Queue | Villager (Male) |
| 3:14 | Queue | Villager (Male) |
| 3:39 | Queue | Villager (Male) |
| 3:48 | Build | House |
| 4:01 | Queue | Villager (Male) |
| 4:21 | Build | House |
| 4:26 | Queue | Villager (Male) |
| 4:51 | Queue | Villager (Male) |
| 5:10 | Queue | Villager (Male) |
| 5:33 | Build | Barracks |
| 5:38 | Queue | Villager (Male) |
| 5:41 | Build | House |
| 6:16 | Queue | Villager (Male) |
| 6:16 | Queue | Villager (Male) |
| 6:33 | Queue | Militia |
| 6:34 | Build | House |
| 6:42 | Queue | Militia |
| 6:50 | Queue | Militia |
| 6:56 | Queue | Militia |
| 7:10 | Queue | Militia |
| 7:20 | Queue | Villager (Male) |
| 7:21 | Queue | Villager (Male) |
| 7:24 | Build | House |
| 7:57 | Build | Dock |
| 8:06 | Queue | Villager (Male) |
| 8:09 | Queue | Villager (Male) |
| 8:15 | Build | House |
| 8:35 | Queue | Fishing Ship |
| 8:43 | Queue | Villager (Male) |
| 8:51 | Build | House |
| 8:52 | Build | House |
| 9:04 | Queue | Villager (Male) |
| 9:23 | Queue | Villager (Male) |
| 9:27 | Queue | Fishing Ship |
| 10:10 | Queue | Fishing Ship |
| 10:17 | Queue | Villager (Male) |
| 10:21 | Research | Feudal Age |
| 10:29 | Build | Mill |
| 10:49 | Queue | Villager (Male) |
| 10:53 | Build | Mining Camp |
| 11:08 | Queue | Villager (Male) |
| 11:17 | Queue | Fishing Ship |
| 11:50 | Queue | Fishing Ship |
| 12:12 | Build | Palisade Wall |
| 12:14 | Build | Palisade Wall |
| 12:18 | Build | Palisade Wall |
| 12:20 | Build | Palisade Wall |
| 12:22 | Build | Palisade Wall |
| 12:24 | Build | Palisade Wall |
| 12:27 | Build | Palisade Wall |
| 12:31 | Age | Feudal Age |
| 12:32 | Build | Palisade Wall |
| 12:33 | Queue | Spearman |
| 12:34 | Queue | Villager (Male) |
| 12:41 | Build | Blacksmith |
| 12:43 | Build | Palisade Wall |
| 12:46 | Research | Double-Bit Axe |
| 12:52 | Queue | Villager (Male) |
| 12:56 | Queue | Villager (Male) |
| 12:58 | Queue | Spearman |
| 12:59 | Queue | Villager (Male) |
| 13:09 | Queue | Fishing Ship |
| 13:10 | Build | House |
| 13:15 | Build | Farm |
| 13:15 | Build | Farm |
| 13:15 | Build | Farm |
| 13:38 | Build | Market |
| 14:01 | Build | House |
| 14:14 | Build | House |
| 14:15 | Build | House |
| 14:19 | Queue | Villager (Male) |
| 14:38 | Build | Dock |
| 14:42 | Build | Palisade Wall |
| 14:43 | Build | Palisade Wall |
| 14:43 | Build | Palisade Wall |
| 14:46 | Research | Loom |
| 14:49 | Build | House |
| 14:57 | Build | Farm |
| 14:58 | Build | Farm |
| 15:11 | Build | Farm |
| 15:19 | Research | Castle Age |
| 15:22 | Build | Farm |
| 15:46 | Queue | Fishing Ship |
| 16:01 | Queue | Spearman |
| 16:01 | Queue | Villager (Male) |
| 16:22 | Build | Archery Range |
| 16:23 | Queue | Villager (Male) |
| 16:30 | Queue | Villager (Male) |
| 16:37 | Queue | Villager (Male) |
| 16:40 | Research | Fletching |
| 16:42 | Queue | Villager (Male) |
| 16:44 | Queue | Spearman |
| 16:48 | Queue | Fishing Ship |
| 16:52 | Queue | Fishing Ship |
| 16:57 | Queue | Villager (Male) |
| 17:10 | Queue | Villager (Male) |
| 17:12 | Build | House |
| 17:13 | Build | House |
| 17:59 | Age | Castle Age |
| 18:24 | Build | Town Center |
| 18:40 | Queue | Villager (Male) |
| 18:46 | Research | Tech 906 |
| 18:46 | Queue | Fishing Ship |
| 18:46 | Queue | Fishing Ship |
| 18:47 | Queue | Villager (Male) |
| 18:49 | Queue | Villager (Male) |
| 18:49 | Queue | Villager (Male) |
| 18:50 | Queue | Villager (Male) |
| 18:51 | Queue | Villager (Male) |
| 18:52 | Queue | Villager (Male) |
| 18:52 | Queue | Villager (Male) |
| 18:53 | Queue | Villager (Male) |
| 19:06 | Queue | Villager (Male) |
Match timeline
| 3:43 | RD | El_Zapatero22 · first_building Dock |
| 4:48 | RD | El_Zapatero22 · wall_segment Palisade Wall x1 |
| 5:33 | scoop · first_building Barracks |
| 7:57 | scoop · first_building Dock |
| 8:26 | RD | El_Zapatero22 · wall_segment Palisade Wall x1 |
| 8:47 | RD | El_Zapatero22 · first_building Barracks |
| 8:55 | RD | El_Zapatero22 · wall_segment Palisade Wall x1 |
| 8:56 | RD | El_Zapatero22 · wall_segment Palisade Wall x1 |
| 8:59 | RD | El_Zapatero22 · wall_segment Palisade Wall x1 |
| 9:42 | RD | El_Zapatero22 · wall_segment Palisade Wall x1 |
| 9:50 | RD | El_Zapatero22 · age_up feudal |
| 10:17 | RD | El_Zapatero22 · first_building Stable |
| 12:01 | RD | El_Zapatero22 · wall_segment Palisade Wall x1 |
| 12:12 | scoop · wall_segment Palisade Wall x1 |
| 12:14 | scoop · wall_segment Palisade Wall x1 |
| 12:18 | scoop · wall_segment Palisade Wall x1 |
| 12:20 | scoop · wall_segment Palisade Wall x1 |
| 12:22 | scoop · wall_segment Palisade Wall x1 |
| 12:24 | scoop · wall_segment Palisade Wall x1 |
| 12:27 | scoop · wall_segment Palisade Wall x1 |
| 12:31 | scoop · age_up feudal |
| 12:32 | scoop · wall_segment Palisade Wall x1 |
| 12:43 | scoop · wall_segment Palisade Wall x1 |
| 14:41 | RD | El_Zapatero22 · first_market_sell 100 wood |
| 14:42 | scoop · wall_segment Palisade Wall x1 |
| 14:43 | scoop · wall_segment Palisade Wall x1 |
| 14:43 | scoop · wall_segment Palisade Wall x1 |
| 14:52 | RD | El_Zapatero22 · first_market_buy 100 food |
| 16:22 | scoop · first_building Archery Range |
| 17:33 | RD | El_Zapatero22 · age_up castle |
| 17:59 | scoop · age_up castle |
| 19:18 | scoop · resign |
[ AI ANALYSIS · 1 CREDIT ]
What really happened in this match?
Wolo.gg analyzes every decision: build order, eco, micro, common mistakes by bracket. Personalized analysis on WhatsApp or Discord in 30 seconds.
Civ guide
Wei
Perfil
Jugador #17795993